SAAA
VERMONT LAKE MONSTERS @ TREMONT DOUBLEDAYS
08/24/2030
 
TOP OF THE 1ST
Vermont Lake Monsters batting - Pitching for Tremont Doubledays : LHP Mathieu Neri
Pitching: LHP Mathieu Neri
Batting: SHB Robert La Caze 0-0: Called Strike
0-1: Foul Ball, location: 2F
0-2: Ball
1-2: Ground out 6-3 (Groundball, 6)
Batting: RHB Edgar Balerio 0-0: Called Strike
0-1: Ball
1-1: Hit by Pitch
Batting: RHB Alejandro Garza 0-0: Swinging Strike
0-1: Swinging Strike
0-2: Strikes out looking
Batting: RHB Cosmo Castanhedo 0-0: Called Strike
0-1: Called Strike
0-2: Ball
1-2: Ball
2-2: Fielders Choice at 2nd, U6 (Groundball, 6M)
Top of the 1st over - 0 runs, 0 hits, 0 errors, 1 left on base; Vermont 0 - Tremont 0
BOTTOM OF THE 1ST
Tremont Doubledays batting - Pitching for Vermont Lake Monsters : RHP Álex Bane
Pitching: RHP Álex Bane
Batting: RHB Max Berman 0-0: Ball
1-0: Fly out, F9 (Flyball, 9S)
Batting: LHB Eric Ward 0-0: Ball
1-0: Ball
2-0: Ball
3-0: Called Strike
3-1: SINGLE (Flyball, 8LS)
Batting: LHB Denis Jerningham 0-0: Called Strike
0-1: Swinging Strike
0-2: Ball
1-2: Foul Ball, location: 2F
1-2: Fly out, F7 (Flyball, 7LSF)
Batting: RHB Otis Brewer 0-0: Foul Ball, location: 2F
0-1: Called Strike
0-2: Ball
1-2: Foul Ball, location: 2F
1-2: Strikes out swinging
Bottom of the 1st over - 0 runs, 1 hit, 0 errors, 1 left on base; Vermont 0 - Tremont 0
TOP OF THE 2ND
Vermont Lake Monsters batting - Pitching for Tremont Doubledays : LHP Mathieu Neri
Batting: LHB Mark Armstead 0-0: Ball
1-0: Called Strike
1-1: Ball
2-1: Foul Ball, location: 2F
2-2: Ball
3-2: Strikes out swinging
Batting: LHB Tullu Amaad 0-0: Called Strike
0-1: Foul Ball, location: 2F
0-2: Ball
1-2: Ball
2-2: Ball
3-2: Base on Balls
Batting: LHB Brad Tillman 0-0: Called Strike
0-1: Called Strike
0-2: Fly out, F9 (Flyball, 9LMF)
Batting: SHB Janghyun Sam 0-0: Ball
1-0: Ball
2-0: Foul Ball, location: 2F
2-1: Foul Ball, location: 2F
2-2: Ball
3-2: Base on Balls
Tullu Amaad to second
Batting: RHB Adrián Palma 0-0: Ball
1-0: Ball
2-0: Ground out U3 (Groundball, 3)
Top of the 2nd over - 0 runs, 0 hits, 0 errors, 2 left on base; Vermont 0 - Tremont 0
BOTTOM OF THE 2ND
Tremont Doubledays batting - Pitching for Vermont Lake Monsters : RHP Álex Bane
Batting: RHB Geoffrey Broekhuizen 0-0: SINGLE (Groundball, 6MD)
Batting: RHB Andrés Gonzáles 0-0: Ball
1-0: SINGLE (Line Drive, 7S)
Geoffrey Broekhuizen to second
Batting: RHB David Elías 0-0: Ball
1-0: Called Strike
1-1: Called Strike
1-2: Ball
2-2: Foul Ball, location: 2F
2-2: Ball
3-2: Grounds into double play, 5-4-3 (Groundball, 5)
Geoffrey Broekhuizen to third
Batting: RHB Sheldon Deshotels 0-0: Ball
1-0: Foul Ball, location: 2F
1-1: Foul Ball, location: 2F
1-2: DOUBLE (Line Drive, 8LD)
Geoffrey Broekhuizen scores
Batting: RHB Fred Burt 0-0: Called Strike
0-1: Swinging Strike
0-2: Strikes out swinging
Bottom of the 2nd over - 1 run, 3 hits, 0 errors, 1 left on base; Vermont 0 - Tremont 1
TOP OF THE 3RD
Vermont Lake Monsters batting - Pitching for Tremont Doubledays : LHP Mathieu Neri
Batting: SHB Robert La Caze 0-0: Ball
1-0: Foul Ball, location: 2F
1-1: Ball
2-1: Foul Ball, location: 2F
2-2: Strikes out swinging
Batting: RHB Edgar Balerio 0-0: Called Strike
0-1: Called Strike
0-2: Foul Ball, location: 2F
0-2: Ball
1-2: Ball
2-2: Ball
3-2: Foul Ball, location: 2F
3-2: Foul Ball, location: 2F
3-2: SINGLE (Groundball, 4) (infield hit)
Batting: RHB Alejandro Garza 0-0: Fly out, F7 (Flyball, 7)
Batting: RHB Cosmo Castanhedo 0-0: Ball
1-0: Swinging Strike
1-1: Foul Ball, location: 2F
1-2: Fly out, F4 (Popup, 4M)
Top of the 3rd over - 0 runs, 1 hit, 0 errors, 1 left on base; Vermont 0 - Tremont 1
BOTTOM OF THE 3RD
Tremont Doubledays batting - Pitching for Vermont Lake Monsters : RHP Álex Bane
Batting: RHB Max Berman 0-0: Ball
1-0: Foul Ball, location: 2F
1-1: Called Strike
1-2: Ball
2-2: Strikes out looking
Batting: LHB Eric Ward 0-0: Ball
1-0: Ball
2-0: Called Strike
2-1: Foul Ball, location: 2F
2-2: Foul Ball, location: 2F
2-2: Ball
3-2: Base on Balls
Batting: LHB Denis Jerningham 0-0: Ball
1-0: Ball
2-0: SINGLE (Line Drive, 6)
Eric Ward to second
Batting: RHB Otis Brewer 0-0: Called Strike
0-1: Called Strike
0-2: Fielders Choice at 2nd, 1-6 (Groundball, P)
Eric Ward to third
Batting: RHB Geoffrey Broekhuizen 0-0: Fielders Choice at 2nd, 6-4 (Groundball, 6)
Bottom of the 3rd over - 0 runs, 1 hit, 0 errors, 2 left on base; Vermont 0 - Tremont 1
TOP OF THE 4TH
Vermont Lake Monsters batting - Pitching for Tremont Doubledays : LHP Mathieu Neri
Batting: LHB Mark Armstead 0-0: Foul Ball, location: 2F
0-1: Ball
1-1: Ball
2-1: Fly out, F4 (Popup, 4)
Batting: LHB Tullu Amaad 0-0: Foul Ball, location: 2F
0-1: Ball
1-1: Ball
2-1: SINGLE (Line Drive, 9S)
Batting: LHB Brad Tillman 0-0: Ball
1-0: Ball
2-0: Called Strike
2-1: Ball
3-1: Foul Ball, location: 2F
3-2: Fly out, F7 (Flyball, 78S)
Batting: SHB Janghyun Sam 0-0: Called Strike
0-1: Ball
1-1: Foul Ball, location: 2F
1-2: Ball
2-2: Ball
3-2: Base on Balls
Tullu Amaad to second
Batting: RHB Adrián Palma 0-0: Called Strike
0-1: Ball
1-1: Ball
2-1: SINGLE (Groundball, 5S) (infield hit)
Tullu Amaad to third
Janghyun Sam to second
Batting: SHB Robert La Caze 0-0: Called Strike
0-1: Ball
1-1: Ground out 6-3 (Groundball, 6M)
Top of the 4th over - 0 runs, 2 hits, 0 errors, 3 left on base; Vermont 0 - Tremont 1
BOTTOM OF THE 4TH
Tremont Doubledays batting - Pitching for Vermont Lake Monsters : RHP Álex Bane
Batting: RHB Andrés Gonzáles 0-0: Foul Ball, location: 2F
0-1: Ball
1-1: Ground out 5-3 (Groundball, 56S)
Batting: RHB David Elías 0-0: Ball
1-0: Called Strike
1-1: Ball
2-1: Foul Ball, location: 2F
2-2: Strikes out looking
Batting: RHB Sheldon Deshotels 0-0: Called Strike
0-1: Ball
1-1: Foul Ball, location: 2F
1-2: Strikes out swinging
Bottom of the 4th over - 0 runs, 0 hits, 0 errors, 0 left on base; Vermont 0 - Tremont 1
TOP OF THE 5TH
Vermont Lake Monsters batting - Pitching for Tremont Doubledays : LHP Mathieu Neri
Batting: RHB Edgar Balerio 0-0: Called Strike
0-1: SINGLE (Groundball, 34D)
Batting: RHB Alejandro Garza 0-0: Ball
1-0: Fly out, F9 (Flyball, 9S)
Batting: RHB Cosmo Castanhedo 0-0: Ball
1-0: Swinging Strike
1-1: Foul Ball, location: 2F
1-2: Ball
2-2: Ball
3-2: Foul Ball, location: 2F
3-2: Fly out, F7 (Flyball, 7D)
Batting: LHB Mark Armstead 0-0: Ball
Edgar Balerio is caught stealing 2nd base
Top of the 5th over - 0 runs, 1 hit, 0 errors, 0 left on base; Vermont 0 - Tremont 1
BOTTOM OF THE 5TH
Tremont Doubledays batting - Pitching for Vermont Lake Monsters : RHP Álex Bane
Batting: RHB Fred Burt 0-0: Called Strike
0-1: Ball
1-1: Ball
2-1: Fly out, F9 (Flyball, 9)
Batting: RHB Max Berman 0-0: Ball
1-0: Ball
2-0: SINGLE (Groundball, 4MD)
Batting: LHB Eric Ward 0-0: Ball
1-0: Called Strike
1-1: Ball
2-1: Swinging Strike
2-2: Foul Ball, location: 2F
2-2: Foul Ball, location: 2F
2-2: Foul Ball, location: 2F
2-2: Ball
3-2: Ground out 3-1 (Groundball, 34S)
Max Berman to second
Batting: LHB Denis Jerningham 0-0: Ball
1-0: Ball
2-0: Foul Ball, location: 2F
2-1: Ball
3-1: Base on Balls
Batting: RHB Otis Brewer 0-0: Ball
1-0: Called Strike
1-1: Foul Ball, location: 2F
1-2: Foul Ball, location: 2F
1-2: Ball
2-2: Ball
3-2: Foul Ball, location: 2F
3-2: Foul Ball, location: 2F
3-2: Base on Balls
Max Berman to third
Denis Jerningham to second
Batting: RHB Geoffrey Broekhuizen 0-0: Ball
1-0: Foul Ball, location: 2F
1-1: Ball
2-1: Swinging Strike
2-2: Strikes out swinging
Bottom of the 5th over - 0 runs, 1 hit, 0 errors, 3 left on base; Vermont 0 - Tremont 1
TOP OF THE 6TH
Vermont Lake Monsters batting - Pitching for Tremont Doubledays : LHP Mathieu Neri
Batting: LHB Mark Armstead 0-0: Foul Ball, location: 2F
0-1: Ball
1-1: Foul Ball, location: 2F
1-2: Ground out U3 (Groundball, 3D)
Batting: LHB Tullu Amaad 0-0: Ball
1-0: Ball
2-0: Foul Ball, location: 2F
2-1: Ball
3-1: Fly out, F1 (Popup, P)
Batting: LHB Brad Tillman 0-0: Ball
1-0: Ball
2-0: Ball
3-0: Base on Balls
Batting: SHB Janghyun Sam 0-0: Ball
1-0: Foul Ball, location: 2F
1-1: Ball
2-1: Foul Ball, location: 2F
2-2: Foul Ball, location: 2F
2-2: Foul Ball, location: 2F
2-2: Ball
3-2: Base on Balls
Brad Tillman to second
Batting: RHB Adrián Palma 0-0: Ball
1-0: Called Strike
1-1: Called Strike
1-2: Strikes out swinging
Top of the 6th over - 0 runs, 0 hits, 0 errors, 2 left on base; Vermont 0 - Tremont 1
BOTTOM OF THE 6TH
Tremont Doubledays batting - Pitching for Vermont Lake Monsters : RHP Álex Bane
Batting: RHB Andrés Gonzáles 0-0: Ground out 1-3 (Groundball, 13S)
Batting: RHB David Elías 0-0: Ball
1-0: Foul Ball, location: 2F
1-1: Ball
2-1: Foul Ball, location: 2F
2-2: Foul Ball, location: 2F
2-2: SINGLE (Groundball, 56D)
Batting: RHB Sheldon Deshotels 0-0: Foul Ball, location: 2F
0-1: Fly out, F2 (Popup, 2LF)
Pitching: RHP Woody Hudson
Batting: RHB Fred Burt 0-0: TRIPLE (Flyball, 89XD)
David Elías scores
Batting: RHB Max Berman 0-0: Foul Ball, location: 2F
0-1: Ball
1-1: Ball
2-1: Foul Ball, location: 2F
2-2: Ball
3-2: Foul Ball, location: 2F
3-2: Foul Ball, location: 2F
3-2: Ground out U3 (Groundball, 3)
Bottom of the 6th over - 1 run, 2 hits, 0 errors, 1 left on base; Vermont 0 - Tremont 2
TOP OF THE 7TH
Vermont Lake Monsters batting - Pitching for Tremont Doubledays : LHP Mathieu Neri
Batting: SHB Robert La Caze 0-0: SINGLE (Line Drive, 6D)
Pitching: LHP Denis Melis
Batting: RHB Edgar Balerio 0-0: Called Strike
0-1: Ball
1-1: Ball
2-1: Fly out, F5 (Line Drive, 5S)
Batting: RHB Alejandro Garza 0-0: Called Strike
0-1: Foul Ball, location: 2F
0-2: Ball
1-2: Ball
2-2: Grounds into double play, 5-4-3 (Groundball, 5)
Top of the 7th over - 0 runs, 1 hit, 0 errors, 0 left on base; Vermont 0 - Tremont 2
BOTTOM OF THE 7TH
Tremont Doubledays batting - Pitching for Vermont Lake Monsters : RHP Woody Hudson
Batting: LHB Eric Ward 0-0: Ball
1-0: Fly out, F9 (Flyball, 9)
Batting: LHB Denis Jerningham 0-0: Ball
1-0: Ball
2-0: Called Strike
2-1: Ball
3-1: Fly out, F7 (Flyball, 7LS)
Batting: RHB Otis Brewer 0-0: Swinging Strike
0-1: Called Strike
0-2: Foul Ball, location: 2F
0-2: Foul Ball, location: 2F
0-2: Ball
1-2: Strikes out swinging
Bottom of the 7th over - 0 runs, 0 hits, 0 errors, 0 left on base; Vermont 0 - Tremont 2
TOP OF THE 8TH
Vermont Lake Monsters batting - Pitching for Tremont Doubledays : LHP Denis Melis
Batting: RHB Cosmo Castanhedo 0-0: Called Strike
0-1: Ball
1-1: Ball
2-1: Foul Ball, location: 2F
2-2: Ball
3-2: Reached on error, E6 (Groundball, 6M)
Batting: LHB Mark Armstead 0-0: Fly out, F8 (Flyball, 8LM)
Batting: LHB Tullu Amaad 0-0: Called Strike
0-1: Ball
1-1: Ball
2-1: Called Strike
2-2: Foul Ball, location: 2F
2-2: Ball
3-2: Strikes out looking
Batting: LHB Brad Tillman 0-0: Hit by Pitch
Batting: SHB Janghyun Sam 0-0: Called Strike
0-1: Called Strike
0-2: Ball
1-2: Ball
2-2: Ground out 5-3 (Groundball, 56S)
Top of the 8th over - 0 runs, 0 hits, 1 error, 2 left on base; Vermont 0 - Tremont 2
BOTTOM OF THE 8TH
Tremont Doubledays batting - Pitching for Vermont Lake Monsters : RHP Woody Hudson
Pitching: RHP Santo Velazco
Batting: RHB Geoffrey Broekhuizen 0-0: Foul Ball, location: 2F
0-1: Ball
1-1: Ball
2-1: Called Strike
2-2: Ground out 4-3 (Groundball, 4)
Batting: RHB Andrés Gonzáles 0-0: Ball
1-0: Foul Ball, location: 2F
1-1: Called Strike
1-2: Foul Ball, location: 2F
1-2: Ball
2-2: Ball
3-2: Fly out, F9 (Line Drive, 89S)
Batting: RHB David Elías 0-0: Ball
1-0: Foul Ball, location: 2F
1-1: Foul Ball, location: 2F
1-2: Strikes out swinging
Bottom of the 8th over - 0 runs, 0 hits, 0 errors, 0 left on base; Vermont 0 - Tremont 2
TOP OF THE 9TH
Vermont Lake Monsters batting - Pitching for Tremont Doubledays : LHP Denis Melis
Pitching: RHP Daniel Lavalley
Batting: RHB Adrián Palma 0-0: Foul Ball, location: 2F
0-1: Foul Ball, location: 2F
0-2: Ball
1-2: Ground out 1-3 (Groundball, 15S)
Batting: SHB Robert La Caze 0-0: Called Strike
0-1: Ball
1-1: Foul Ball, location: 2F
1-2: Strikes out swinging
Batting: RHB Edgar Balerio 0-0: Ball
1-0: Foul Ball, location: 2F
1-1: Foul Ball, location: 2F
1-2: Ball
2-2: Strikes out swinging
Top of the 9th over - 0 runs, 0 hits, 0 errors, 0 left on base; Vermont 0 - Tremont 2
Sunday, March 18th, 2018 - OOTP Baseball 18.8 Build 76